Map: 汇龙岛 - 天梯版

Players

INnoVation - Winner!

  • Race: Terran Terran
  • Spawn Location: 11:00

TIME (Oliveira)

  • Race: Terran Terran
  • Spawn Location: 5:00

Event: 2018 Hangzhou StarCraft Carnival

VOD

Have the link to the VOD?

Description

Time

  • Played on: April 29, 2018, 2:07 a.m.
  • Length: 11:20

All games in this series

Show
View Real Time Build Order
Export as new Build Order

INnoVation Terran - Winner!

Build Orders: 1/1/1, Bio Tank, Banshee Rush 

Get SALT Encoding   

  12  0:00  SCV  
  13  0:12  SCV  
  14  0:17  Supply Depot  
  14  0:24  SCV  
  15  0:29  Refinery  
  15  0:38  SCV  
  16  0:44  Barracks  
  16  0:50  SCV  
  16  0:55  Refinery  
  17  1:02  SCV  
  18  1:15  SCV  
  19  1:31  Orbital Command  
  19  1:32  Factory  
  19  1:34  Reaper  
  20  1:47  Supply Depot  
  20  1:57  SCV  
  21  2:06  Reaper  
  22  2:09  SCV  
  23  2:16  Hellion  
  23  2:22  SCV  
  26  2:24  Supply Depot  
  26  2:25  Starport  
  26  2:30  Supply Depot  
  26  2:34  SCV  
  27  2:40  Hellion  
  27  2:42  Barracks Tech Lab  
  29  2:46  SCV  
  30  3:02  Cyclone  
  30  3:03  SCV  
  34  3:08  Marine  
  35  3:15  SCV, Cloaking Field  
  36  3:25  Banshee  
  39  3:27  SCV  
  40  3:36  Command Center  
  40  3:40  Barracks Reactor  
  40  3:42  SCV  
  40  3:48  Supply Depot  
  41  3:52  Cyclone  
  41  3:54  SCV  
  45  4:02  Supply Depot  
  45  4:10  Banshee  
  45  4:11  SCV  
  49  4:19  Marine x2  
  51  4:25  SCV, Factory Tech Lab  
  52  4:36  Marine  
  52  4:37  Marine, SCV  
  55  4:49  SCV  
  53  4:53  Siege Tank  
  53  4:54  Marine x2  
  53  4:56  Banshee  
  61  5:02  SCV  
  61  5:06  Orbital Command  
  62  5:12  Marine x2  
  62  5:14  SCV  
  65  5:18  Supply Depot  
  65  5:25  Siege Tank  
  65  5:26  SCV  
  67  5:33  SCV  
  67  5:35  Barracks x2  
  67  5:36  Marine x2  
  67  5:38  SCV  
  67  5:41  Banshee  
  70  5:46  SCV  
  71  5:50  SCV  
  71  5:53  Supply Depot  
  71  5:54  Marine x2  
  74  5:59  Refinery x2  
  74  6:01  Siege Tank  
  74  6:03  SCV  
  74  6:04  SCV  
  77  6:12  Marine x2  
  77  6:17  Engineering Bay  
  77  6:18  SCV x2, Engineering Bay  
  81  6:23  Barracks Tech Lab  
  81  6:24  Barracks Tech Lab  
  81  6:28  Banshee  
  81  6:30  Marine x2  
  86  6:35  SCV x2  
  86  6:39  Supply Depot  
  85  6:44  Siege Tank  
  82  6:49  Marine x2  
  69  6:58  SCV x2, Stimpack  
  69  6:59  Marine x2  
  66  7:07  Marine x2  
  68  7:13  Terran Infantry Weapons Level 1  
  68  7:15  Terran Infantry Armor Level 1  
  70  7:19  Starport Reactor  
  70  7:20  Command Center  
  68  7:24  Marauder x2  
  68  7:27  Marine x2  
  74  7:31  Siege Tank  
  74  7:35  SCV x2  
  79  7:42  Combat Shields  
  79  7:44  Barracks  
  79  7:46  Marine x2, Barracks  
  81  7:53  Marauder x2  
  81  7:56  SCV x2  
  84  7:58  Medivac  
  84  8:03  Supply Depot, Medivac  
  84  8:05  Marine x2  
  90  8:08  SCV x2  
  90  8:12  Supply Depot  
  92  8:15  Armory  
  92  8:18  Marauder x2  
  96  8:20  SCV  
  96  8:21  SCV  
  96  8:22  Marine  
  96  8:23  Marine  
  100  8:31  Siege Tank  
  100  8:33  Supply Depot  
  103  8:36  Supply Depot  
  103  8:37  Barracks Reactor  
  103  8:39  Concussive Shells  
  103  8:41  SCV x2  
  103  8:52  Marauder x2  
  103  8:53  Marine x2, Marauder  
  110  8:57  Medivac  
  110  9:00  SCV  
  110  9:01  SCV  
  114  9:06  Medivac, Orbital Command  
  116  9:17  Marauder x3  
  116  9:20  Marine  
  116  9:21  Marine  
  108  9:25  Siege Tank  
  108  9:29  SCV x2  
  110  9:41  Marauder x3  
  110  9:44  Marine x3  
  119  9:49  Medivac  
  119  9:50  Medivac  
  122  9:55  SCV x3  
  125  10:04  Marauder  
  125  10:05  Marauder x2  
  131  10:08  Marine x3  
  131  10:09  Marine  
  131  10:13  SCV x3  
  135  10:18  Siege Tank  
  137  10:26  Medivac x2  
  133  10:32  Marauder x3  
  134  10:37  Marine x3  
  134  10:40  Refinery  
  134  10:41  Refinery  
  134  10:43  Supply Depot  
  134  10:48  Marine  
  135  10:53  Marauder x2  
  135  10:54  Marauder  
  135  10:55  Marine x3  
  144  10:58  SCV x2  
  144  10:59  SCV  
Show
View Real Time Build Order
Export as new Build Order

TIME Terran 

Build Orders:  

Get SALT Encoding   

  12  0:00  SCV  
  13  0:12  SCV  
  14  0:18  Supply Depot  
  14  0:25  SCV  
  15  0:40  Barracks  
  15  0:46  Refinery  
  15  0:58  Barracks  
  15  1:02  SCV  
  16  1:14  SCV  
  17  1:27  Orbital Command  
  17  1:32  Reaper  
  18  1:35  Refinery  
  18  1:47  Reaper  
  18  1:48  Supply Depot  
  18  1:53  SCV  
  20  2:04  Reaper  
  20  2:05  SCV  
  22  2:17  SCV  
  22  2:21  Reaper  
  24  2:29  SCV  
  25  2:38  Factory  
  25  2:41  SCV  
  25  2:53  SCV  
  26  3:00  Command Center  
  26  3:08  SCV  
  26  3:11  Supply Depot  
  27  3:20  SCV  
  27  3:21  Factory Reactor  
  28  3:32  SCV  
  29  3:40  Supply Depot  
  29  3:45  SCV  
  30  3:58  Cyclone x2  
  30  3:59  SCV  
  37  4:04  Supply Depot  
  37  4:11  SCV, Engineering Bay  
  37  4:14  Orbital Command  
  38  4:24  SCV  
  38  4:30  Cyclone x2  
  45  4:41  SCV, Missile Turret  
  45  4:45  Orbital Command  
  45  4:53  SCV  
  45  5:01  Missile Turret  
  45  5:02  Cyclone x2  
  45  5:05  SCV  
  52  5:11  SCV  
  54  5:21  SCV  
  54  5:25  SCV  
  52  5:31  Supply Depot  
  52  5:34  Cyclone x2  
  57  5:36  SCV  
  57  5:40  SCV  
  59  5:48  SCV  
  60  5:53  Command Center  
  60  5:55  SCV  
  61  6:06  Cyclone, Refinery  
  61  6:07  Refinery  
  64  6:12  Cyclone  
  64  6:14  SCV  
  64  6:17  SCV  
  66  6:26  SCV  
  66  6:29  SCV  
  68  6:38  SCV  
  69  6:40  Armory x2  
  69  6:41  SCV  
  69  6:43  Hellion  
  69  6:44  Hellion  
  69  6:50  SCV  
  69  6:53  SCV  
  63  7:03  SCV  
  63  7:04  Factory  
  63  7:06  Hellion  
  63  7:08  Starport  
  66  7:10  SCV  
  66  7:13  Hellion  
  69  7:16  SCV  
  70  7:25  Orbital Command  
  70  7:31  SCV, Hellion  
  70  7:34  SCV  
  74  7:37  Terran Vehicle Weapons Level 1  
  74  7:41  Terran Vehicle And Ship Armor Level 1  
  74  7:43  SCV  
  75  7:44  Starport Reactor  
  75  7:47  Factory Tech Lab  
  75  7:49  Hellion  
  77  7:51  SCV  
  77  7:55  Hellion  
  80  8:02  SCV  
  80  8:04  Orbital Command  
  80  8:06  Infernal Pre-Igniter  
  80  8:07  Hellion  
  80  8:08  SCV  
  80  8:11  Hellion  
  85  8:14  SCV  
  85  8:15  Supply Depot  
  86  8:20  Medivac  
  86  8:21  Medivac  
  86  8:22  Hellion  
  86  8:23  SCV  
  93  8:29  Factory  
  93  8:36  Supply Depot  
  93  8:37  Siege Tank, Hellion  
  93  8:38  SCV  
  93  8:39  SCV  
  93  8:40  SCV  
  101  8:48  Supply Depot  
  101  8:50  Supply Depot  
  101  8:57  SCV x3, Hellion  
  101  8:59  Refinery  
  101  9:00  Refinery  
  106  9:06  Hellion  
  106  9:09  Viking x2  
  112  9:11  SCV  
  105  9:20  Siege Tank  
  105  9:21  Factory Tech Lab  
  105  9:22  SCV  
  96  9:28  SCV, Hellion  
  96  9:31  SCV  
  90  9:32  Hellion  
  90  9:34  SCV  
  90  9:35  Factory  
  90  9:36  Factory  
  93  9:43  SCV  
  95  9:45  SCV  
  95  9:46  SCV  
  95  9:47  Siege Tank  
  98  9:55  SCV, Armory  
  98  9:57  SCV  
  98  9:59  Siege Tank, Hellion x2  
  105  10:03  SCV  
  105  10:06  Armory  
  106  10:13  SCV x2  
  93  10:15  SCV  
  93  10:25  SCV, Refinery  
  93  10:26  Siege Tank  
  93  10:27  Hellion x2  
  97  10:28  SCV  
  96  10:36  Siege Tank  
  96  10:37  SCV  
  96  10:40  SCV  
  95  10:44  Viking x2  
  95  10:49  SCV  
  99  10:52  SCV  
  99  10:57  Hellion x2  
  104  11:06  Supply Depot  
  104  11:07  Supply Depot  
Tags
 
Add a new tag
Caveats
  • Supply blocks, unpowered buildings, or Contaminate may cause inaccurate times.
  • Supply counts are checked every 10 seconds.